 Dungeon Crawl Stone Soup version 0.24-a0-581-gc0fa6600bf (webtiles) character file.

Game seed: 4083192755239972716

730 MackTheKnife the Chopper (level 7, -7/60 HPs)
             Began as a Demigod Wanderer on Aug 24, 2019.
             Killed by nerve-wracking pain
             ... invoked by an orc priest
              (14 damage)
             ... on level 4 of the Dungeon.
             The game lasted 00:04:46 (3202 turns).

MackTheKnife the Chopper (Demigod Wanderer)         Turns: 3202, Time: 00:04:46

Health: -7/60      AC:  7    Str: 15    XL:     7   Next: 20%
Magic:  10/10      EV: 10    Int: 17    God:
Gold:   164        SH:  0    Dex: 18    Spells: 6/6 levels left

rFire    . . .     SeeInvis .   s - +3 battleaxe
rCold    . . .     Gourm    .   (shield currently unavailable)
rNeg     . . .     Faith    .   h - +0 scale mail
rPois    .         Spirit   .   p - +0 helmet (curse)
rElec    .         Reflect  .   (no cloak)
rCorr    .         Harm     .   (no gloves)
MR       .....                  (no boots)
Stlth    ..........             o - amulet of regeneration {+regen, !d}
HPRegen  0.60/turn              (no ring)
MPRegen  0.12/turn              (no ring)

@: no status effects
A: high mp 1
a: no special abilities


You were on level 4 of the Dungeon.
You were not hungry.

You visited 1 branch of the dungeon, and saw 4 of its levels.

You collected 164 gold pieces.

Inventory:

Hand Weapons
 s - a +3 battleaxe (weapon)
   (You found it on level 2 of the Dungeon)
Missiles
 q - 2 curare-tipped darts
Armour
 e - a +0 shield
 h - a +0 scale mail (worn)
   (You found it on level 1 of the Dungeon)
 n - a +0 large shield
   (You found it on level 3 of the Dungeon)
 p - a cursed +0 helmet (worn)
   (You took it off Robin on level 2 of the Dungeon)
Jewellery
 o - an amulet of regeneration (around neck) {+regen, !d}
   (You found it on level 2 of the Dungeon)
Scrolls
 a - a scroll of fog {unknown}
 b - 6 scrolls of identify {unknown}
 c - a scroll of random uselessness {unknown}
 i - 2 scrolls of remove curse {unknown}
 l - a scroll of noise {unknown}
 m - a scroll of teleportation
 t - a scroll of fear {unknown}
 v - a scroll of amnesia {unknown}
 w - a scroll of enchant armour {unknown}
Potions
 d - a potion of magic {unknown}
 g - a potion of mutation {unknown}
 j - 2 potions of brilliance {unknown}
 k - a potion of heal wounds {unknown}
 r - a potion of curing {unknown}
 u - a potion of agility {unknown}
 x - a potion of flight {unknown}
 z - a potion of ambrosia {unknown}
Comestibles
 f - 8 rations


   Skills:
 - Level 4.7 Fighting
 + Level 6.4 Axes
   Level 2.6 Staves
 - Level 1.7 Dodging
 - Level 1.0 Shields
   Level 1.0 Evocations


You had 6 spell levels left.
You didn't know any spells.
Your spell library was empty.

Dungeon Overview and Level Annotations

Branches:
Dungeon (4/15)
 Temple: D:4-7


Innate Abilities, Weirdness & Mutations

You have an increased reservoir of magic. (+10% MP)


Message History

No target in view!
No target in view!
No target in view!
As you read the scroll of enchant weapon, it crumbles to dust.
Your +1 battleaxe glows red for a moment.
As you read the scroll of enchant weapon, it crumbles to dust.
Your +2 battleaxe glows red for a moment.
a - a scroll labeled MYOBAO JAANIZ You now have 164 gold pieces (gained 7).
An adder comes into view.
An adder is nearby!
The adder hisses angrily.
The adder closely misses you.
You miss the adder. The adder closely misses you. x2
You barely miss the adder. The adder bites you. x2
You take 4 damage, and have 56/60 hp.
An adder is nearby!
You closely miss the adder. The adder bites you but does no damage.
An adder is nearby!
An adder is nearby!
You slash the adder!
You kill the adder!
No target in view!
i - 2 scrolls labeled BIZXYRPH WAADA (gained 1)
An iguana and an orc come into view.
The orc shouts!
An orc comes into view. It is wielding a +0 hand axe.
There are monsters nearby!
The orc shouts!
You hear a shout! x2
An orc wizard comes into view. It is wielding a +0 dagger.
The iguana barely misses you.
Health restored: 60
There are monsters nearby!
You slash the iguana! The iguana bites you.
You take 4 damage, and have 56/60 hp.
You barely miss the iguana.
An orc comes into view. It is wielding a +0 hand axe.
The iguana closely misses you.
An orc priest comes into view. It is wielding a +0 hand axe.
You closely miss the iguana. The iguana bites you. x2
You take 7 damage, and have 50/60 hp.
Your scale mail prevents you from hitting the iguana.
The iguana bites you!
You take 8 damage, and have 42/60 hp.
You barely miss the iguana.
The iguana bites you but does no damage.
The iguana barely misses you.
You slash the iguana!
You kill the iguana!
The orc wizard gestures wildly while chanting.
The orc wizard flickers and vanishes!
Deactivating autopickup; reactivate with Ctrl-A.
All of the chunks of flesh in your inventory have rotted away.
You closely miss the orc. You closely miss something. Something hits you.
You take 1 damage, and have 43/60 hp.
You barely miss something.
Something hits you but does no damage. x2
You barely miss something. Something hits you but does no damage.
You hit something. Something hits you.
The orc priest invokes the aid of Beogh against you.
Beogh smites you!
You take 14 damage, and have 31/60 hp.
MASSIVE DAMAGE!!
You miss something.
Something hits you but does no damage. x2
You slash something! Something hits you.
You hit something. Something hits you but does no damage. Something hits you.
You take 1 damage, and have 30/60 hp.
You slash something!
Reactivating autopickup.
You feel a bit more experienced. The orc closely misses you.
You barely miss the orc. The orc hits you but does no damage.
You barely miss the orc.
The orc priest calls down the wrath of Beogh upon you.
Beogh smites you! The orc barely misses you.
You take 10 damage, and have 22/60 hp.
You slice the orc!!
You kill the orc!
The orc hits you with a +0 flail.
You take 3 damage, and have 19/60 hp.
You hit the orc. The orc barely misses you.
You slash the orc!
You kill the orc!
You hit the orc priest but do no damage.
The orc priest hits you but does no damage.
You closely miss the orc priest.
The orc priest invokes the aid of Beogh against you.
Beogh smites you!
* * * LOW HITPOINT WARNING * * *
The orc priest hits you but does no damage.
You barely miss the orc priest.
The orc priest hits you but does no damage.
Your scale mail prevents you from hitting the orc priest.
The orc priest hits you with a +0 hand axe!
* * * LOW HITPOINT WARNING * * *
You take 16 damage, and have 6/60 hp.
MASSIVE DAMAGE!!
You hit the orc priest.
The orc priest invokes the aid of Beogh against you.
Pain shoots through your body!
You die...

## ##. #.. ##### ..
#...# #.## #...# .o#
#...# #o# #...####@#
#......#.###
#...##.....####
#....##.##....#####
#.........##.(....#
#...##..#.........#
#...###..##.......#####
#####
##.###..........##
#..##...........##


You could see an orc priest and an orc.

Vanquished Creatures
  Sigmund (D:3)
  A black bear (D:3)
  An ogre (D:3)
  A hound (D:3)
  An orc priest (D:4)
  4 orc wizards
  A bullfrog skeleton (D:4)
  An iguana (D:4)
  A worker ant (D:4)
  Robin (D:2)
  4 adders
  An ooze (D:4)
  2 worms (D:2)
  3 dart slugs (D:1)
  3 leopard geckos
  6 orcs
  A bat (D:3)
  3 giant cockroaches
  2 gnoll zombies (D:3)
  15 goblins
  7 hobgoblins
  7 jackals
  A quokka (D:4)
  A ball python (D:2)
  4 frilled lizards
  8 kobolds
  7 rats
88 creatures vanquished.

Notes
Turn   | Place    | Note
-------+----------+-------------------------------------------
     0 | D:1      | MackTheKnife the Demigod Wanderer began the quest for the
                  | Orb.
     0 | D:1      | MackTheKnife set off with the following items: a +0 dagger,
                  | a +0 quarterstaff, a potion of lignification {!q}, a +0
                  | robe, a +0 shield, a ration
     0 | D:1      | Reached XP level 1. HP: 19/19 MP: 3/3
   118 | D:1      | Reached skill level 2 in Staves
   319 | D:1      | Reached XP level 2. HP: 24/27 MP: 5/5
   367 | D:1      | Reached skill level 4 in Fighting
  1054 | D:2      | Noticed Robin
  1080 | D:2      | Reached XP level 3. HP: 34/34 MP: 6/6
  1118 | D:2      | Killed Robin
  1299 | D:2      | Found a glowing silver altar of Zin.
  1548 | D:2      | Found a shimmering blue altar of Sif Muna.
  1829 | D:3      | Noticed Sigmund
  1834 | D:3      | Reached XP level 4. HP: 41/41 MP: 7/7
  1857 | D:3      | HP: 8/41 [something (8)]
  1860 | D:3      | HP: 2/41 [something (3)]
  1958 | D:3      | Killed Sigmund
  1958 | D:3      | Reached skill level 3 in Axes
  1958 | D:3      | Reached XP level 5. HP: 42/47 MP: 8/8
  2213 | D:3      | Found a white marble altar of Elyvilon.
  2570 | D:3      | Found a basalt altar of Yredelemnul.
  2658 | D:4      | Noticed an ogre
  2670 | D:3      | Reached skill level 4 in Axes
  2758 | D:4      | Noticed a black bear
  2761 | D:3      | Reached XP level 6. HP: 46/53 MP: 9/9
  2779 | D:3      | Reached skill level 5 in Axes
  2855 | D:4      | HP: 12/53 [orc priest (4)]
  2857 | D:4      | HP: 4/53 [orc priest (4)]
  2959 | D:4      | Reached skill level 6 in Axes
  2959 | D:4      | Reached XP level 7. HP: 60/60 MP: 10/10
  3199 | D:4      | HP: 13/60 [orc priest/divine providence (10)]
  3201 | D:4      | HP: 6/60 [orc priest/+0 hand axe (8)]
  3202 | D:4      | Killed from afar by an orc priest

Levels and vault maps discovered:
D:1:      lightli_arrival_windingriver, layout_basic,
          chequers_serial_rivers_micro_d, grunt_decor_mini_mirrors
D:2:      layout_basic, lemuel_crystal_altar, led_sif_pool, minmay_tetromino_l2,
          uniq_robin
D:3:      layout_basic, lemuel_zombie_altar_yredelemnul, old_standard_altar,
          minmay_fractal_squares_gapless_5, uniq_sigmund
D:4:      layout_rooms, minmay_temple_entry_fiery

Skill      XL: |  1  2  3  4  5  6 |
---------------+-------------------+-----
Staves         | 2 |  2.6
Fighting       | 4 |  4.7
Axes           | 3 4 6 |  6.4
Dodging        | |  1.7
Shields        | |  1.0
Evocations     | |  1.0

Action                   |  1- 3 |  4- 6 |  7- 9 || total
-------------------------+-------+-------+-------++-------
Melee: Quarterstaff      |   136 |       |       ||   136
       Battleaxe         |    16 |   105 |    46 ||   167
  Use: Potion            |       |     3 |       ||     3
       Scroll            |       |     2 |     2 ||     4
  Eat: Chunk             |     2 |     1 |     1 ||     4
       Ration            |       |     1 |       ||     1
Armor: Robe              |     3 |       |       ||     3
       Scale mail        |    70 |    52 |    18 ||   140
       Skin              |       |    10 |       ||    10
Dodge: Dodged            |    82 |    70 |    24 ||   176

Table legend:
 A = Non-vault XP
 B = Vault XP
 C = Vault XP percentage of total XP
 D = Non-vault monster count
 E = Vault monster count
 F = Vault count percentage of total count
                 A         B        C        D         E       F
            +---------+---------+-------+---------+---------+-------
      Total |     764 |     279 |  26.7 |      68 |      20 |  22.7
            +---------+---------+-------+---------+---------+-------
        D:1 |      31 |       0 |   0.0 |      16 |       0 |   0.0
        D:2 |      47 |      37 |  44.0 |      18 |      13 |  41.9
        D:3 |     358 |     242 |  40.3 |      16 |       7 |  30.4
        D:4 |     328 |       0 |   0.0 |      18 |       0 |   0.0
            +---------+---------+-------+---------+---------+-------

Levels and vault maps discovered:
D:1:      lightli_arrival_windingriver, layout_basic,
          chequers_serial_rivers_micro_d, grunt_decor_mini_mirrors
D:2:      layout_basic, lemuel_crystal_altar, led_sif_pool, minmay_tetromino_l2,
          uniq_robin
D:3:      layout_basic, lemuel_zombie_altar_yredelemnul, old_standard_altar,
          minmay_fractal_squares_gapless_5, uniq_sigmund
D:4:      layout_rooms, minmay_temple_entry_fiery

Table legend:
 A = Turns spent in this place as a percentage of turns spent in the entire game.
 B = Non-inter-level travel turns spent in this place as a percentage of non-inter-level travel turns spent in the entire game.
 C = Inter-level travel turns spent in this place as a percentage of turns spent in this place.
 D = Turns resting spent in this place as a percentage of non-inter-level travel turns spent in this place.
 E = Turns spent auto-exploring this place as a percentage of non-inter-level travel turns spent in this place.
 F = Non-inter-level travel turns spent in this place divided by the number of levels of this place that you've seen.
                   A       B       C       D       E      F
               +-------+-------+-------+-------+-------+----------------------
         Total | 100.0 | 100.0 |   5.2 |  20.4 |  58.6 | 759.0
       Dungeon | 100.0 | 100.0 |   5.2 |  20.4 |  58.6 | 759.0
               +-------+-------+-------+-------+-------+----------------------

Table legend:
 A = Kills in this place as a percentage of kills in entire the game.
 B = Kills by you in this place as a percentage of kills by you in the entire game.
 C = Kills by friends in this place as a percentage of kills by friends in the entire game.
 D = Other kills in this place as a percentage of other kills in the entire game.
 E = Experience gained in this place as a percentage of experience gained in the entire game.
 F = Experience gained in this place divided by the number of levels of this place that you have seen.
                   A       B       C       D       E      F
               +-------+-------+-------+-------+-------+----------------------
         Total | 100.0 | 100.0 |   N/A |   N/A | 100.0 | 260.8
       Dungeon | 100.0 | 100.0 |   N/A |   N/A | 100.0 | 260.8
               +-------+-------+-------+-------+-------+----------------------
